[Event "Titled Tuesday Blitz February 22 Early 2022"]
[White "Gormally, Daniel W"]
[Black "Iskusnyh, Sergei"]
[WhiteFideId "406465"]
[BlackFideId "4120027"]
[WhiteElo "2543"]
[BlackElo "2492"]
[Result "0-1"]
[Round "10"]
[TimeControl "180+1"]
[Date "2022.02.22"]
[WhiteClock "0:00:44"]
[BlackClock "0:01:50"]

1. g3 d5 2. Bg2 c6 3. d3 Nf6 4. Nf3 Bf5 5. O-O h6 6. Re1 e6 7. Nbd2 Be7 8. c3 O-O 9. e4 dxe4 10. dxe4 Nxe4 11. Nd4 Nxd2 12. Nxf5 exf5 13. Bxd2 Bg5 14. Bxg5 hxg5 15. Qxd8 Rxd8 16. Re7 Nd7 17. Rd1 Nc5 18. Rd4 Kf8 19. Rc7 Rdc8 20. Rxc8+ Rxc8 21. b4 Ne6 22. Rd2 g4 23. h3 gxh3 24. Bxh3 g6 25. g4 Ng5 26. Kg2 f4 27. Rd4 Kg7 0-1


[Site "https://www.chess.com"]

[Event "Titled Tuesday Blitz February 22 Early 2022"]
[White "Goryachkina, Aleksandra"]
[Black "Hess, Robert"]
[WhiteFideId "4147103"]
[BlackFideId "2022036"]
[WhiteElo "2426"]
[BlackElo "2557"]
[Result "1-0"]
[Round "10"]
[TimeControl "180+1"]
[Date "2022.02.22"]
[WhiteClock "0:00:04"]
[BlackClock "0:00:08"]

1. e4 g6 2. d4 Bg7 3. c4 d6 4. Nc3 b6 5. Be3 Bb7 6. Nf3 Nd7 7. Bd3 h6 8. Qd2 e6 9. O-O-O Ne7 10. h4 Nf6 11. d5 Ng4 12. dxe6 fxe6 13. Nd4 Qd7 14. Kb1 O-O 15. f3 Nxe3 16. Qxe3 c5 17. Nde2 Nc6 18. f4 Bd4 19. Qg3 Qg7 20. h5 gxh5 21. Qh3 Qg4 22. Qxh5 Qxh5 23. Rxh5 Bg7 24. g3 Nb4 25. a3 Nxd3 26. Rxd3 Rad8 27. Kc1 a6 28. Rd2 Bc6 29. Rh1 Rd7 30. Rhd1 Rfd8 31. a4 Kf7 32. f5 exf5 33. exf5 Bf3 34. Rf1 Bxe2 35. Rxe2 Be5 36. g4 Rg8 37. Re4 Bxc3 38. bxc3 Re7 39. Rxe7+ Kxe7 40. Rf4 Kf6 41. Re4 Kg5 42. Re6 Rd8 43. Rg6+ Kf4 44. f6 Rf8 45. Kd2 Ke5 46. Rxh6 Kf4 47. Rg6 d5 48. cxd5 b5 49. axb5 axb5 50. g5 Kf5 51. Rg7 b4 52. cxb4 cxb4 53. Kc2 Rb8 54. Kb3 Ke5 55. Re7+ Kd6 56. g6 Rc8 57. g7 Rc3+ 58. Kxb4 Rg3 59. Re8 1-0


[Site "https://www.chess.com"]

[Event "Titled Tuesday Blitz February 22 Early 2022"]
[White "Gracia Alvarez, Gerardo Antonio"]
[Black "Martin, Lewis"]
[WhiteFideId "5109124"]
[BlackFideId "410551"]
[WhiteElo "2139"]
[BlackElo "2145"]
[Result "1-0"]
[Round "10"]
[TimeControl "180+1"]
[Date "2022.02.22"]
[WhiteClock "0:00:33"]
[BlackClock "0:00:24"]

1. c4 c6 2. Nf3 Nf6 3. e3 d5 4. Nc3 g6 5. Be2 Bg7 6. O-O O-O 7. d4 dxc4 8. Bxc4 b5 9. Bb3 a6 10. Ne5 Bb7 11. Bd2 Nbd7 12. f4 c5 13. Rc1 c4 14. Bc2 e6 15. Be1 Nxe5 16. fxe5 Nd5 17. Qe2 Bh6 18. Bd2 b4 19. Ne4 c3 20. bxc3 bxc3 21. Nxc3 Bxe3+ 22. Bxe3 Nxc3 23. Qf2 Rc8 24. Bd3 Qd5 25. Bh6 f5 26. Bxf8 Kxf8 27. Rc2 Ne4 28. Rxc8+ Bxc8 29. Qe3 Bb7 30. Bxe4 Qxe4 31. Qxe4 Bxe4 32. Rc1 h5 33. h4 Ke7 34. Rc7+ Kd8 35. Rg7 f4 36. Rf7 Bf5 37. Kf2 1-0


[Site "https://www.chess.com"]

[Event "Titled Tuesday Blitz February 22 Early 2022"]
[White "Grandelius, Nils"]
[Black "Moiseenko, Alexander"]
[WhiteFideId "1710400"]
[BlackFideId "14102560"]
[WhiteElo "2617"]
[BlackElo "2577"]
[Result "1/2-1/2"]
[Round "10"]
[TimeControl "180+1"]
[Date "2022.02.22"]
[WhiteClock "0:00:08"]
[BlackClock "0:00:05"]

1. Nf3 Nf6 2. g3 d5 3. Bg2 e6 4. O-O c5 5. c4 d4 6. e3 Nc6 7. exd4 cxd4 8. d3 Bd6 9. a3 a5 10. Bg5 h6 11. Bxf6 Qxf6 12. Nfd2 Qe7 13. Ne4 Bc7 14. c5 O-O 15. Nbd2 f5 16. Nd6 Bxd6 17. cxd6 Qxd6 18. Nc4 Qc7 19. Re1 Ra6 20. Rc1 Kh7 21. Qd2 a4 22. f4 Bd7 23. Qf2 b5 24. Ne5 Qd6 25. h4 Rc8 26. Nf3 b4 27. axb4 Nxb4 28. Ne5 a3 29. Rxc8 Bxc8 30. bxa3 Rxa3 31. Nc4 Qf8 32. Qxd4 Nc2 33. Qb2 Nxe1 34. Qxa3 Qxa3 35. Nxa3 Nxd3 36. Bf1 Nc5 37. Kh2 Kg6 38. Bb5 Kf6 39. Nc4 Ba6 40. Bxa6 Nxa6 41. Ne5 Nc5 42. Kg2 Ke7 43. Kf3 Nd7 44. Nc6+ Kf6 45. Nd4 e5 46. fxe5+ Nxe5+ 47. Kg2 g5 48. hxg5+ hxg5 49. Ne2 Nd3 50. Nd4 Ke5 51. Nf3+ Kf6 52. Nd4 Nc5 53. Nf3 Ne6 54. Nd2 Ke5 55. Kf2 g4 56. Nc4+ Kd4 57. Nd6 Ke5 58. Nf7+ Kf6 59. Nd6 Nc5 60. Ke3 Ke6 61. Nc4 Kf6 62. Nd6 Ne6 63. Nc4 Ke7 64. Kf2 Kf7 65. Nd6+ Kf6 66. Ke3 Ng5 67. Nc4 Nf7 68. Kf4 Nd8 69. Nd6 Ne6+ 70. Ke3 Ke5 71. Nc4+ Kd5 72. Nd2 Ke5 73. Nc4+ Kf6 74. Nd6 1/2-1/2


[Site "https://www.chess.com"]

[Event "Titled Tuesday Blitz February 22 Early 2022"]
[White "Guliev, Logman"]
[Black "Mejia, Cherry Ann"]
[WhiteFideId "13400061"]
[BlackFideId "5206880"]
[WhiteElo "2128"]
[BlackElo "2007"]
[Result "1/2-1/2"]
[Round "10"]
[TimeControl "180+1"]
[Date "2022.02.22"]
[WhiteClock "0:00:39"]
[BlackClock "0:00:02"]

1. e4 c5 2. Nf3 Nc6 3. d4 cxd4 4. Nxd4 Qb6 5. Nb3 Nf6 6. Nc3 e6 7. Bd3 a6 8. Be3 Qc7 9. f4 d6 10. Qf3 Be7 11. O-O-O O-O 12. g4 b5 13. g5 Nd7 14. h4 Nb4 15. Kb1 Bb7 16. h5 Nxd3 17. cxd3 f5 18. gxf6 Bxf6 19. Nd4 Bxd4 20. Bxd4 e5 21. Be3 exf4 22. Bxf4 b4 23. Ne2 Rac8 24. Rc1 Qa5 25. Qg3 Ne5 26. Bh6 Rf7 27. Rxc8+ Bxc8 28. Nd4 Qb6 29. Rc1 Bd7 30. Be3 Qd8 31. Rd1 Qf6 32. h6 g6 33. Rc1 Ng4 34. Bg1 Nxh6 35. Nb3 Ng4 36. Bd4 Ne5 37. Rh1 Qf3 38. Bxe5 dxe5 39. Qh4 Qxd3+ 40. Ka1 Be6 41. Nc1 Qc4 42. Qd8+ Kg7 43. Qd6 Rf1 44. Qxe5+ Kf7 45. Rxh7+ Ke8 46. Qb8+ Bc8 47. Qe5+ Be6 48. Qh8+ Bg8 49. Qe5+ Be6 1/2-1/2


[Site "https://www.chess.com"]

[Event "Titled Tuesday Blitz February 22 Early 2022"]
[White "Gunina, Valentina"]
[Black "Tologon tegin, Semetei"]
[WhiteFideId "4167570"]
[BlackFideId "13800574"]
[WhiteElo "2465"]
[BlackElo "2258"]
[Result "0-1"]
[Round "10"]
[TimeControl "180+1"]
[Date "2022.02.22"]
[WhiteClock "0:02:29"]
[BlackClock "0:01:31"]

1. d4 d5 2. c4 e6 3. Nf3 Nf6 4. Nc3 Be7 5. Bf4 O-O 6. e3 Nbd7 7. c5 c6 8. b4 b6 9. b5 Bb7 10. bxc6 Bxc6 11. Bd3 bxc5 12. O-O Qa5 13. Ne2 Ba4 14. Qc1 Rfc8 15. Qc3 Qd8 16. Rfc1 c4 17. Bc2 Bxc2 18. Qxc2 Qa5 19. Ne5 Nxe5 20. dxe5 Ne4 21. f3 Nc5 22. e4 Nd3 23. Rd1 Qc5+ 24. Kh1 Nf2+ 0-1


[Site "https://www.chess.com"]

[Event "Titled Tuesday Blitz February 22 Early 2022"]
[White "Hakemi, Arman"]
[Black "Szpar, Milosz"]
[WhiteFideId "22520805"]
[BlackFideId "1184989"]
[WhiteElo "2208"]
[BlackElo "2447"]
[Result "0-1"]
[Round "10"]
[TimeControl "180+1"]
[Date "2022.02.22"]
[WhiteClock "0:00:02"]
[BlackClock "0:00:06"]

1. e4 c5 2. Nf3 d6 3. Bb5+ Bd7 4. Bxd7+ Nxd7 5. O-O Ngf6 6. Re1 e6 7. c3 Be7 8. d4 O-O 9. Bg5 cxd4 10. cxd4 h6 11. Bh4 d5 12. e5 Ne4 13. Bxe7 Qxe7 14. Nc3 Nxc3 15. bxc3 Rfc8 16. Qb3 Rc7 17. Re3 Rac8 18. Nd2 Nb6 19. Rg3 Nc4 20. Rd1 b6 21. h3 Rc6 22. Nxc4 Rxc4 23. Rdd3 R8c6 24. Rg4 h5 25. Rf4 Qg5 26. g3 Rc7 27. h4 Qg6 28. Rdf3 R4c6 29. Qa3 Qc2 30. Kg2 Rxc3 31. Rxc3 Qxc3 32. Qd6 Qc6 33. Qd8+ Kh7 34. Qg5 g6 35. g4 hxg4 36. h5 Qc2 37. Qf6 gxh5 38. Qh4 Kh8 39. Qxh5+ Qh7 40. Qg5 Rc1 41. Qxg4 Qh1+ 0-1


[Site "https://www.chess.com"]

[Event "Titled Tuesday Blitz February 22 Early 2022"]
[White "Dronavalli, Harika"]
[Black "Manukian, Artak"]
[WhiteFideId "5015197"]
[BlackFideId "13301373"]
[WhiteElo "2382"]
[BlackElo "2506"]
[Result "1-0"]
[Round "10"]
[TimeControl "180+1"]
[Date "2022.02.22"]
[WhiteClock "0:00:29"]
[BlackClock "0:00:02"]

1. d4 Nf6 2. c4 e6 3. Nc3 d5 4. Bg5 Be7 5. e3 O-O 6. Qc2 Nbd7 7. Rd1 c6 8. Nf3 Re8 9. a3 Nh5 10. Bxe7 Qxe7 11. Bd3 f5 12. O-O g6 13. Nd2 Nhf6 14. f3 e5 15. cxd5 exd4 16. exd4 cxd5 17. Nb5 Rb8 18. Nc7 Rf8 19. Rfe1 Qf7 20. Ne6 Re8 21. Ng5 Qf8 22. Qc7 h6 23. Ne6 Qe7 24. Nf4 Qf7 25. Nb3 b6 26. Bb5 Rb7 27. Qd6 Rxe1+ 28. Rxe1 Nf8 29. Bc6 Rc7 30. Nxd5 Rxc6 31. Ne7+ Kg7 32. Qxc6 Be6 33. d5 Nxd5 34. Nxd5 Bxd5 35. Qc3+ Kg8 36. Nd4 Qd7 37. Qe3 Bf7 38. b4 a5 39. Qe5 axb4 40. axb4 Kh7 41. Qf6 Kg8 42. Re7 Qd5 43. Qxb6 Qc4 44. Re1 Qc3 45. Rd1 Qe3+ 46. Kh1 Bb3 47. Rg1 Bf7 48. Qc5 h5 49. Nc6 Qe2 50. Ne7+ Kh7 51. Nd5 1-0


[Site "https://www.chess.com"]

[Event "Titled Tuesday Blitz February 22 Early 2022"]
[White "Hjartarson, Johann"]
[Black "Nesterov, Arseniy"]
[WhiteFideId "2300044"]
[BlackFideId "24198455"]
[WhiteElo "2484"]
[BlackElo "2489"]
[Result "1-0"]
[Round "10"]
[TimeControl "180+1"]
[Date "2022.02.22"]
[WhiteClock "0:00:13"]
[BlackClock "0:00:03"]

1. e4 e5 2. Nf3 Nc6 3. Bb5 a6 4. Ba4 b5 5. Bb3 Na5 6. d4 exd4 7. Qxd4 Bb7 8. Bg5 Ne7 9. Nc3 f6 10. Bh4 Ng6 11. a4 Nxb3 12. cxb3 b4 13. Nd5 c6 14. Ne3 Nxh4 15. Nxh4 g6 16. O-O Be7 17. Rad1 Kf7 18. Qxd7 Qxd7 19. Rxd7 Bc8 20. Rc7 Be6 21. Nc4 Bxc4 22. bxc4 Rhc8 23. Rxc8 Rxc8 24. Nf3 Rd8 25. Rc1 b3 26. Kf1 Bb4 27. Ke2 Ke6 28. Rd1 Bd6 29. Nd4+ Kd7 30. c5 Bxc5 31. Nxc6+ Kxc6 32. Rxd8 Ba3 33. bxa3 b2 34. Rb8 b1=Q 35. Rxb1 1-0


[Site "https://www.chess.com"]

[Event "Titled Tuesday Blitz February 22 Early 2022"]
[White "Iljin, Timofey"]
[Black "Dew, Brian"]
[WhiteFideId "14110180"]
[BlackFideId "6000495"]
[WhiteElo "2396"]
[BlackElo "2118"]
[Result "1-0"]
[Round "10"]
[TimeControl "180+1"]
[Date "2022.02.22"]
[WhiteClock "0:02:19"]
[BlackClock "0:00:01"]

1. e4 e5 2. d4 exd4 3. c3 d5 4. exd5 Qxd5 5. cxd4 Nc6 6. Nf3 Nf6 7. Nc3 Bb4 8. Be2 Bg4 9. O-O Bxc3 10. bxc3 O-O 11. h3 Bh5 12. Be3 Qa5 13. c4 Rad8 14. d5 Bxf3 15. Bxf3 Ne5 16. Be2 b5 17. Bd4 Rfe8 18. f4 Nxc4 19. Bxc4 bxc4 20. Bxf6 gxf6 21. Qg4+ Kh8 22. Qf5 1-0


[Site "https://www.chess.com"]

[Event "Titled Tuesday Blitz February 22 Early 2022"]
[White "Indjic, Aleksandar"]
[Black "Nakamura, Hikaru"]
[WhiteFideId "911925"]
[BlackFideId "2016192"]
[WhiteElo "2616"]
[BlackElo "2850"]
[Result "1/2-1/2"]
[Round "10"]
[TimeControl "180+1"]
[Date "2022.02.22"]
[WhiteClock "0:00:03"]
[BlackClock "0:00:12"]

1. d4 Nf6 2. c4 e6 3. Nc3 Bb4 4. Qc2 O-O 5. Nf3 d5 6. a3 Bxc3+ 7. Qxc3 dxc4 8. Qxc4 b6 9. Bg5 Ba6 10. Qa4 h6 11. Bh4 Qe7 12. Rc1 c5 13. dxc5 Rc8 14. c6 b5 15. Qa5 Qc7 16. Qxc7 Rxc7 17. Ne5 g5 18. Bg3 Ne4 19. f3 Nxg3 20. hxg3 Kg7 21. e3 f6 22. Nd3 Nxc6 23. Nb4 Bb7 24. Bxb5 Rac8 25. Nxc6 Bxc6 26. Bxc6 Rxc6 27. Rxc6 Rxc6 28. Kd2 Rd6+ 29. Ke2 Rc6 30. Rd1 f5 31. Kd2 h5 32. b4 Kf6 33. Rc1 Rd6+ 34. Ke2 Rd7 35. Rc6 h4 36. g4 fxg4 37. fxg4 Rh7 38. Ra6 Rc7 39. a4 Ke5 40. b5 Re7 41. Rc6 Ke4 42. Rc4+ Kd5 43. Rc6 Rh7 44. Kd3 h3 45. gxh3 Rxh3 46. Rc7 Rh4 47. Rd7+ Kc5 48. Rxa7 Rxg4 49. Ra6 Rg1 50. Ke2 Ra1 51. Kf3 Kd5 52. b6 Rb1 53. a5 e5 54. Ra7 e4+ 55. Kg3 Rb3 56. Kg4 Rxe3 57. b7 Rb3 58. a6 e3 59. Kf3 g4+ 60. Ke2 g3 61. Ra8 g2 62. Rg8 Rb2+ 63. Kxe3 Kc6 64. a7 g1=Q+ 65. Rxg1 Kxb7 66. Rg7+ Ka8 67. Kd4 Rb7 68. Rxb7 Kxb7 69. a8=Q+ Kxa8 1/2-1/2


[Site "https://www.chess.com"]

[Event "Titled Tuesday Blitz February 22 Early 2022"]
[White "Ismayil, Malak"]
[Black "Heinemann, Josefine"]
[WhiteFideId "13412604"]
[BlackFideId "12900460"]
[WhiteElo "1879"]
[BlackElo "2300"]
[Result "0-1"]
[Round "10"]
[TimeControl "180+1"]
[Date "2022.02.22"]
[WhiteClock "0:00:25"]
[BlackClock "0:00:24"]

1. e4 e5 2. Nf3 Nc6 3. Bd3 Nf6 4. c3 Be7 5. O-O O-O 6. Bc2 d5 7. exd5 Nxd5 8. Re1 Bd6 9. h3 Qf6 10. d3 Nf4 11. Bxf4 Qxf4 12. Nbd2 Be6 13. Ne4 h6 14. Ng3 Bc5 15. d4 exd4 16. Re4 Qf6 17. cxd4 Rad8 18. Ne2 Bb6 19. Rf4 Qe7 20. Qd3 g6 21. a3 Rd7 22. Rd1 Rfd8 23. Qe3 Bd5 24. Qxe7 Rxe7 25. Ng3 Bxf3 26. Rxf3 Rxd4 27. Rfd3 Rxd3 28. Rxd3 Kg7 29. Kf1 Nd4 30. Bd1 c5 31. Rc3 Ba5 32. Re3 Rxe3 33. fxe3 Ne6 34. Ne4 Bc7 35. Bb3 b6 36. Nc3 Be5 37. Ke2 Bxc3 38. bxc3 Nc7 39. a4 f5 40. Kf3 Kf6 41. e4 Ke5 42. exf5 gxf5 43. g3 a6 44. h4 b5 45. axb5 Nxb5 46. Bc4 Nc7 47. g4 fxg4+ 48. Kxg4 a5 49. Kh5 a4 50. Kxh6 Kf6 51. Kh5 a3 52. Kg4 Nb5 53. Kf4 Nxc3 54. Ke3 a2 55. Bxa2 Nxa2 56. Kd3 Nb4+ 57. Kc4 Na6 58. Kb5 Kg6 59. Kc4 Kh5 60. Kb5 Kxh4 61. Kc4 Kg5 62. Kc3 Kf5 63. Kc4 Ke5 64. Kc3 Kd5 65. Kd3 c4+ 66. Kc3 Kc5 67. Kc2 Kb4 68. Kb2 c3+ 69. Kc2 Kc4 70. Kc1 Kd3 71. Kd1 Nc5 72. Kc1 Nb3+ 73. Kb1 c2+ 74. Kb2 c1=Q+ 0-1


[Site "https://www.chess.com"]

[Event "Titled Tuesday Blitz February 22 Early 2022"]
[White "Ivanisevic, Ivan"]
[Black "Ljukin, Sergei"]
[WhiteFideId "912417"]
[BlackFideId "14102200"]
[WhiteElo "2495"]
[BlackElo "2312"]
[Result "1-0"]
[Round "10"]
[TimeControl "180+1"]
[Date "2022.02.22"]
[WhiteClock "0:00:16"]
[BlackClock "0:00:01"]

1. d4 d5 2. Nf3 Nf6 3. Bf4 c5 4. e3 Nc6 5. c3 Qb6 6. Qc2 Bg4 7. Ne5 Nxe5 8. dxe5 Nd7 9. Nd2 e6 10. a4 Bf5 11. e4 dxe4 12. Nc4 Qc6 13. Nd6+ Bxd6 14. Bb5 Qc8 15. exd6 O-O 16. O-O a6 17. Be2 Qc6 18. Rad1 Rad8 19. Qd2 Qxa4 20. Bg3 Qc6 21. Qe3 Nb6 22. c4 f6 23. Rd2 e5 24. Rfd1 Nc8 25. f4 Nxd6 26. fxe5 fxe5 27. Bxe5 Nf7 28. Rxd8 Nxd8 29. Rd6 Qe8 30. Qxc5 Ne6 31. Qd5 Kh8 32. Rd7 Rf7 33. Rxb7 Rxb7 34. Qxb7 h6 35. c5 Qg6 36. c6 Bh3 37. Bf1 Qg5 38. Bg3 Qe3+ 39. Bf2 Qc1 40. gxh3 e3 41. Qc8+ Kh7 42. Qxe6 exf2+ 43. Kxf2 Qxb2+ 44. Kg3 Qc3+ 45. Kg2 Qc2+ 46. Kh1 Qc5 47. Qe4+ 1-0


[Site "https://www.chess.com"]

[Event "Titled Tuesday Blitz February 22 Early 2022"]
[White "Jacobson, Aaron"]
[Black "Papasimakopoulos, Alexandros"]
[WhiteFideId "2089912"]
[BlackFideId "4244125"]
[WhiteElo "2265"]
[BlackElo "2340"]
[Result "1-0"]
[Round "10"]
[TimeControl "180+1"]
[Date "2022.02.22"]
[WhiteClock "0:00:09"]
[BlackClock "0:00:01"]

1. Nf3 d5 2. c4 e6 3. e3 Nf6 4. Nc3 Be7 5. b3 c5 6. cxd5 Nxd5 7. Bb2 O-O 8. Qc2 Nc6 9. h4 Bf6 10. g4 Nxc3 11. dxc3 g6 12. g5 Bg7 13. Bb5 Qb6 14. Bd3 e5 15. h5 Bg4 16. Be4 Ne7 17. h6 Bh8 18. c4 Nc6 19. O-O-O Rad8 20. Rhg1 Bxf3 21. Bxf3 Rfe8 22. Kb1 Nb4 23. Qe4 Nc6 24. Rd5 Nb4 25. Rdd1 Qa5 26. a3 Nc6 27. Qc2 Qb6 28. Bd5 Ne7 29. Be4 Qc7 30. f4 f6 31. fxe5 fxg5 32. e6 Be5 33. Rxd8 Rxd8 34. Rxg5 Bxb2 35. Qxb2 Nc6 36. Bxg6 hxg6 37. Rxg6+ Kf8 38. Qf6+ Ke8 39. Rg8# 1-0


[Site "https://www.chess.com"]

[Event "Titled Tuesday Blitz February 22 Early 2022"]
[White "Jakubowska, Anna"]
[Black "Oro, Luis"]
[WhiteFideId "1121952"]
[BlackFideId "104094"]
[WhiteElo "1924"]
[BlackElo "2276"]
[Result "1-0"]
[Round "10"]
[TimeControl "180+1"]
[Date "2022.02.22"]
[WhiteClock "0:00:18"]
[BlackClock "0:00:06"]

1. e4 e5 2. Nf3 Nc6 3. Bb5 a6 4. Ba4 Nf6 5. O-O b5 6. Bb3 Be7 7. d3 O-O 8. a4 b4 9. a5 d6 10. Nbd2 Bg4 11. h3 Bh5 12. Re1 Nd4 13. Ba4 c5 14. c3 bxc3 15. bxc3 Nxf3+ 16. Nxf3 Qxa5 17. Bg5 Qc7 18. g4 Bg6 19. Qd2 c4 20. Bxf6 Bxf6 21. d4 Rfb8 22. h4 h6 23. g5 hxg5 24. hxg5 Be7 25. d5 Rb6 26. Bc6 Rab8 27. Nh4 Rb2 28. Qe3 Qb6 29. Nxg6 fxg6 30. Qxb6 R8xb6 31. Re3 Bxg5 32. Rf3 Bf4 33. Ra4 g5 34. Rxc4 Rd2 35. Bd7 Kf7 36. Be6+ Kf6 37. Rc8 Kg6 38. Bf5+ Kf6 39. Rf8+ Ke7 40. Rg8 Kf6 41. Rf8+ Ke7 42. Rg8 Kf7 43. Be6+ Kf6 44. Rf8+ Ke7 45. Rf7+ Ke8 46. Rxg7 Rbb2 47. Ra7 Ra2 48. Rh3 1-0


[Site "https://www.chess.com"]

[Event "Titled Tuesday Blitz February 22 Early 2022"]
[White "Jodorcovsky Werjivker, Paulo"]
[Black "Mayaud, Raphael"]
[WhiteFideId "3700305"]
[BlackFideId "627151"]
[WhiteElo "2075"]
[BlackElo "2191"]
[Result "0-1"]
[Round "10"]
[TimeControl "180+1"]
[Date "2022.02.22"]
[WhiteClock "0:00:04"]
[BlackClock "0:00:17"]

1. d4 Nf6 2. c4 c5 3. d5 b5 4. cxb5 a6 5. bxa6 g6 6. Nc3 Bg7 7. g3 O-O 8. Bg2 d6 9. Nf3 Nbd7 10. O-O Nb6 11. Rb1 Bf5 12. Ra1 Ne4 13. Nh4 Nxc3 14. bxc3 Bxc3 15. Nxf5 Bxa1 16. Bh6 Bf6 17. Bxf8 Kxf8 18. Ne3 Rxa6 19. Qd2 Qa8 20. Rb1 Rxa2 21. Qd3 Ra1 22. Bf3 Rxb1+ 23. Qxb1 Qa1 24. Qxa1 Bxa1 25. Be4 Bd4 26. Nc2 Bf6 27. h4 Ke8 28. h5 Kd7 29. hxg6 hxg6 30. Kf1 Kc7 31. Ke1 Nc4 32. e3 Kb6 33. Ke2 Ka5 34. g4 Ka4 35. f4 Kb3 36. g5 Bg7 37. Ne1 Nb2 38. f5 gxf5 39. Bxf5 c4 40. g6 fxg6 41. Bxg6 c3 42. Bc2+ Kc4 43. e4 Kb4 44. Nd3+ Ka3 45. Nxb2 cxb2 46. Bb1 Kb4 47. Kd3 Kb3 48. Ke3 Be5 49. Kd3 Bf6 50. Ke3 Bg5+ 51. Kd3 Bc1 52. e5 dxe5 53. Ke4 Bf4 54. Kf5 Kc4 55. Ke6 Kc5 56. Be4 Bg5 57. Kf5 Bf6 58. Ke6 Bh4 59. Kf5 Kd6 60. Kg4 Bf6 61. Kf5 Kc5 62. Ke6 Bh4 63. Kf5 Kd6 64. Kg4 Be1 65. Kf5 Ba5 66. Kg4 Bb4 67. Kf5 Ba3 68. Kg4 Kc5 69. Kf5 Kd4 70. Bb1 Kc3 71. Kxe5 Kd2 72. Ke6 Kc1 0-1


[Site "https://www.chess.com"]

[Event "Titled Tuesday Blitz February 22 Early 2022"]
[White "Jones, Gawain C B"]
[Black "Makhnev, Denis"]
[WhiteFideId "409561"]
[BlackFideId "13707647"]
[WhiteElo "2657"]
[BlackElo "2491"]
[Result "0-1"]
[Round "10"]
[TimeControl "180+1"]
[Date "2022.02.22"]
[WhiteClock "0:00:01"]
[BlackClock "0:00:16"]

1. Nf3 d5 2. g3 Bg4 3. Bg2 Nd7 4. h3 Bxf3 5. Bxf3 c6 6. O-O e5 7. d3 Bc5 8. e4 dxe4 9. dxe4 Ne7 10. Nd2 a5 11. Nc4 Qc7 12. Be3 Bxe3 13. Nd6+ Kf8 14. fxe3 Nf6 15. Nc4 b5 16. Nd2 Ng6 17. Qe2 Ke7 18. a4 Qb6 19. g4 Rhd8 20. g5 Nd7 21. axb5 cxb5 22. Bg4 Nc5 23. Qf3 f6 24. Rad1 Rf8 25. Bf5 Nh4 26. Qg3 Nxf5 27. Rxf5 Rad8 28. Rdf1 Rxd2 29. gxf6+ gxf6 30. Rxf6 Qxf6 31. Rxf6 Rxf6 32. Qg7+ Rf7 33. Qxe5+ Ne6 34. Qxb5 Rff2 35. Qb7+ Kf6 36. Qxh7 Rg2+ 37. Kh1 Rge2 38. Qh6+ Ke7 39. Qh7+ Kd6 40. e5+ Kxe5 41. Qh5+ Kd6 0-1


[Site "https://www.chess.com"]

[Event "Titled Tuesday Blitz February 22 Early 2022"]
[White "Jumabayev, Rinat"]
[Black "King, Alexander"]
[WhiteFideId "13702661"]
[BlackFideId "2063620"]
[WhiteElo "2561"]
[BlackElo "2306"]
[Result "1-0"]
[Round "10"]
[TimeControl "180+1"]
[Date "2022.02.22"]
[WhiteClock "0:00:18"]
[BlackClock "0:00:07"]

1. d4 d5 2. c4 e6 3. Nf3 Nf6 4. g3 dxc4 5. Bg2 a6 6. O-O Nc6 7. Qc2 Nxd4 8. Nxd4 Qxd4 9. Nd2 Be7 10. Nxc4 O-O 11. Rd1 Qg4 12. Ne3 Qg6 13. Qxc7 Re8 14. b3 Nd5 15. Nxd5 exd5 16. Bxd5 Bf6 17. Be3 Bxa1 18. Rxa1 Bg4 19. Bxb7 Rad8 20. Qc4 Rd6 21. h4 h6 22. Rc1 Kh7 23. Kg2 Rde6 24. Rc3 Bf5 25. Bf3 Be4 26. a4 Qf5 27. b4 Bxf3+ 28. exf3 Rb8 29. Rb3 Qf6 30. b5 axb5 31. axb5 Kg8 32. h5 Qf5 33. g4 Qe5 34. b6 Re7 35. Bf4 1-0


[Site "https://www.chess.com"]

[Event "Titled Tuesday Blitz February 22 Early 2022"]
[White "Kadam, Om Manish"]
[Black "Sargissyan, Sargis"]
[WhiteFideId "45076294"]
[BlackFideId "13303210"]
[WhiteElo "1729"]
[BlackElo "2174"]
[Result "1-0"]
[Round "10"]
[TimeControl "180+1"]
[Date "2022.02.22"]
[WhiteClock "0:01:18"]
[BlackClock "0:00:02"]

1. e4 e5 2. Nf3 Nc6 3. Bc4 Bc5 4. c3 Nf6 5. d3 a6 6. O-O d6 7. Nbd2 Ba7 8. h3 h6 9. Bb3 g5 10. Nc4 g4 11. hxg4 Bxg4 12. Be3 Rg8 13. Bxa7 Rxa7 14. Ne3 Qd7 15. Nxg4 Qxg4 16. Ne1 Qh4 17. Qf3 Ke7 18. Nc2 Qh5 19. Qxh5 Nxh5 20. Ne3 Nf4 21. Rad1 Kf6 22. g3 Ne7 23. Kh2 Nh5 24. Rd2 Raa8 25. Bd1 Rg5 26. f4 exf4 27. gxf4 Rg3 28. Ng2 Rag8 29. Bxh5 Nc6 30. Rf3 R3g7 31. Rdf2 Ne7 32. Ne3 c5 33. d4 cxd4 34. cxd4 Nc6 35. Nd5+ Ke6 36. f5+ Kd7 37. Nf6+ Ke7 38. Nxg8+ Rxg8 39. f6+ Ke6 40. d5+ Ke5 41. dxc6 1-0


[Site "https://www.chess.com"]

[Event "Titled Tuesday Blitz February 22 Early 2022"]
[White "Karavaeva, Olga"]
[Black "De Souza, Cristiano Gomes"]
[WhiteFideId "4124111"]
[BlackFideId "2151758"]
[WhiteElo "2105"]
[BlackElo "2068"]
[Result "1-0"]
[Round "10"]
[TimeControl "180+1"]
[Date "2022.02.22"]
[WhiteClock "0:01:31"]
[BlackClock "0:01:08"]

1. c4 Nf6 2. Nc3 g6 3. g3 Bg7 4. Bg2 d6 5. d4 O-O 6. Nf3 Nc6 7. d5 Na5 8. Nd2 c5 9. dxc6 Nxc6 10. O-O Be6 11. Nd5 Qd7 12. Re1 Bh3 13. Bh1 e6 14. Nxf6+ Bxf6 15. Ne4 Bg7 16. Qxd6 Qxd6 17. Nxd6 Rab8 18. Rb1 Rfd8 19. Nxb7 Rxb7 20. Bxc6 Rc7 21. Bb5 Bf5 22. e4 Bg4 23. Bf4 Rb7 24. b3 e5 25. Be3 Be6 26. Bc6 Rc7 27. Bd5 Bxd5 28. exd5 f5 29. f3 Bf8 30. Bg5 Re8 31. Bf6 Bc5+ 32. Kg2 Bd4 33. f4 Kf7 34. Bxe5 Rce7 35. Rbd1 Bxe5 36. Rxe5 Rxe5 37. fxe5 Rxe5 38. Rd2 Ke7 39. c5 Re4 40. d6+ Kd7 41. c6+ Kd8 42. d7 1-0


[Site "https://www.chess.com"]

[Event "Titled Tuesday Blitz February 22 Early 2022"]
[White "Kislov, Oleg"]
[Black "Garv Gaur"]
[WhiteFideId "13503774"]
[BlackFideId "45030839"]
[WhiteElo "2252"]
[BlackElo "1950"]
[Result "1/2-1/2"]
[Round "10"]
[TimeControl "180+1"]
[Date "2022.02.22"]
[WhiteClock "0:00:19"]
[BlackClock "0:00:13"]

1. d4 d5 2. Nc3 Nf6 3. Bg5 e6 4. e4 dxe4 5. Nxe4 Be7 6. Bxf6 Bxf6 7. Nf3 Be7 8. Bd3 Nd7 9. Qe2 Nf6 10. c3 b6 11. Ne5 a6 12. Qf3 Bd7 13. O-O Bd6 14. Nxf6+ gxf6 15. Nxd7 Kxd7 16. Be4 Rb8 17. Bc6+ Ke7 18. Rae1 Qg8 19. d5 e5 20. Qf5 Qg5 21. Qd7+ Kf8 22. f4 exf4 23. Qh3 Kg7 24. Rf3 h5 25. Kh1 Qg4 26. Re4 f5 27. Re2 Qxh3 28. Rxh3 Kf6 29. Rf3 Rbg8 30. Kg1 Rg4 31. Kf1 Rhg8 32. a4 a5 33. Bb5 Bc5 34. Rh3 h4 35. Rf3 Be3 36. Bd3 Rd8 37. c4 Rgg8 38. Bxf5 Rge8 39. Bd3 Ke5 40. Bc2 Kd4 41. b3 Rg8 42. Rh3 Rh8 43. Rf3 Rhg8 44. Rh3 Rh8 45. Rf3 Rde8 46. Rh3 Rd8 1/2-1/2


[Site "https://www.chess.com"]

[Event "Titled Tuesday Blitz February 22 Early 2022"]
[White "Kobo, Ori"]
[Black "Tari, Aryan"]
[WhiteFideId "2812320"]
[BlackFideId "1510045"]
[WhiteElo "2420"]
[BlackElo "2567"]
[Result "0-1"]
[Round "10"]
[TimeControl "180+1"]
[Date "2022.02.22"]
[WhiteClock "0:00:19"]
[BlackClock "0:01:21"]

1. Nc3 c5 2. Nf3 Nc6 3. d4 d5 4. dxc5 d4 5. Ne4 e5 6. e3 Bxc5 7. Nxc5 Qa5+ 8. Bd2 Qxc5 9. exd4 exd4 10. Bd3 Nf6 11. O-O O-O 12. h3 h6 13. Re1 Bf5 14. b4 Qd5 15. Bxf5 Qxf5 16. a4 a6 17. c4 Ne4 18. b5 axb5 19. cxb5 Ne5 20. Ra3 Nc4 21. Bc1 Nxa3 22. Bxa3 Rfd8 23. Qd3 Nd6 24. Rd1 Qxd3 25. Rxd3 Rxa4 0-1


[Site "https://www.chess.com"]